 Dungeon Crawl Stone Soup version 0.27.1 (webtiles) character file.

Game seed: 13631417516367543463

1 MajorAdolf the Sneak (level 1, -3/18 HPs)
             Began as a Naga Wanderer on Sept 1, 2021.
             Engulfed by a cloud of steam (10 damage)
             ... on level 1 of the Dungeon.
             The game lasted 00:00:20 (64 turns).

MajorAdolf the Sneak (Naga Wanderer)                  Turns: 64, Time: 00:00:21

Health: -3/18      AC:  1    Str: 12    XL:     1   Next: 20%
Magic:  2/2        EV:  9    Int: 12    God:
Gold:   0          SH:  0    Dex: 12    Spells: 1/2 levels left

rFire    . . .     SeeInvis +   a - +0 spear
rCold    . . .     Faith    .   (no shield)
rNeg     . . .     Spirit   .   c - +0 robe
rPois    +         Reflect  .   (no helmet)
rElec    .         Harm     .   (no cloak)
rCorr    .         Rampage  .   (no gloves)
Will     .....                  (no barding)
Stlth    ++........             (no amulet)
HPRegen  0.06/turn              (no ring)
MPRegen  0.08/turn              (no ring)

@: very slow
A: AC +0, large, see invisible, deformed body, poison resistance, slowness 2,
spit poison 1, naga tail 1
a: Spit Poison


You were on level 1 of the Dungeon.
You visited 1 branch of the dungeon, and saw 1 of its levels.

Inventory:

Hand Weapons
 a - a +0 spear (weapon)
 d - a +0 dagger
Armour
 c - a +0 robe (worn)
Potions
 b - a potion of curing
 e - a potion of heal wounds {unknown}


   Skills:
 - Level 1.0 Fighting
 - Level 3.0 Polearms
 - Level 3.0 Stealth
 + Level 1.0 Spellcasting
 + Level 2.1 Conjurations
 - Level 1.0 Evocations


You had one spell level left.
You knew the following spells:

 Your Spells              Type           Power      Damage    Failure   Level
a - Magic Dart            Conj           20%        1d4       13%         1

Your spell library contained the following spells:

 Spells                   Type           Power      Damage    Failure   Level
 Blink                    Tloc           N/A        N/A       41%         2
 Call Imp                 Summ           0%         N/A       41%         2
 Slow                     Hex            0%         N/A       41%         2
 Conjure Flame            Conj/Fire      3%         6-21      52%         3
 Mephitic Cloud           Conj/Pois/Air  2%         N/A       56%         3


Dungeon Overview and Level Annotations

Branches:
Dungeon (1/15)

Altars:


Innate Abilities, Weirdness & Mutations

Your serpentine skin is tough. (AC +0)
You have supernaturally acute eyesight. (SInv)
Armour fits poorly on your strangely shaped body.
Your system is resistant to poisons. (rPois)
You cover ground very slowly.
You can spit poison.
You have a snake-like lower body.


Message History

Okay, then.
An endoplasm comes into view.
An endoplasm is nearby!
An endoplasm is nearby!
An endoplasm is nearby!
The magic dart hits the endoplasm.
The endoplasm is severely wounded.
The endoplasm quivers.
You miscast Magic Dart.
You are very lightly contaminated with residual magic.
Nothing appears to happen.
You are too depleted to draw on your mana recklessly!
Unknown command.
Press: ? - help, Shift-Dir - straight line, f/p - endoplasm
Aim: an endoplasm (severely wounded)
The splash of poison hits the endoplasm.
The endoplasm is poisoned.
The endoplasm is almost dead.
Unknown command.
You kill the endoplasm!
You start resting.
You have got your breath back.
Your magical contamination has completely faded away.
You start resting.
Magic restored.
Unknown command.
Found a puce potion.
Found a stone staircase leading down.
e - a puce potion
There is a stone staircase leading down here.
You're standing in a cloud of steam!
You're standing in a cloud of steam!
You're standing in a cloud of steam!
You're standing in a cloud of steam!
Unknown command.
You are engulfed in a cloud of scalding steam.
Ouch! That really hurt!
You are engulfed in a cloud of scalding steam.
Ouch! That really hurt!
You die...

#...##..............
###.##..............
###.##..............
.........###........
........>...........
........####........
..........########..
........#...# .
####.####@#.#
#.§§§§.§.##
#...§§§§§...#
#...§§§§§§..#
..#####§###### # #≈
##


There were no monsters in sight!

Vanquished Creatures
  An endoplasm (D:1)
1 creature vanquished.

Notes
Turn   | Place    | Note
-------+----------+-------------------------------------------
     0 | D:1      | MajorAdolf the Naga Wanderer began the quest for the Orb.
     0 | D:1      | MajorAdolf set off with the following items: a +0 spear, a
                  | potion of curing, a +0 robe, a +0 dagger; and the following
                  | spell memorised: Magic Dart; and the following spells
                  | available to memorise: Blink, Call Imp, Slow, Conjure
                  | Flame, Mephitic Cloud
     0 | D:1      | Reached XP level 1. HP: 18/18 MP: 2/2
    64 | D:1      | Engulfed by a cloud of steam

Illustrated notes

Levels and vault maps discovered:
D:1:      dpeg_arrival_fog, layout_basic, lemuel_another_geyser

Action                   || total
-------------------------++-------
 Cast: Magic Dart        ||     1
 Abil: Spit Poison       ||     1
